AoeStats
← [GG] Trezeguet

Arabia

510438838Analyzed
1v1 RM · 13h ago on Oct 1, 2026· 39m 24s· 2 players
Game mode
Random Map
Map size
Tiny (2 player)
Population
200
Speed
Normal
Resources
Standard
Victory
Conquest
Starting age
Dark Age
Ending age
Imperial Age
RankedLock teamsTeams togetherTeam positionsShared explorationLock speedFull tech treeHidden civsTurbo modeCheats
Victory
Defeat
🇦🇷 Vietnamese · Argentina
1098
+15
🇧🇷 Bohemians · Brazil
1083
-15
[GG] Trezeguet
6:13 Loom
9:42 Feudal Age
10:55 Double-Bit Axe
10:53 Horse Collar
25:10 Castle Age
23:52 Wheelbarrow
23:53 Scale Mail Armor
23:44 Fletching
24:05 Forging
23:55 Padded Archer Armor
25:54 Heavy Plow
26:10 Bow Saw
30:01 Imperial Age
30:43 Wagenburg Tactics
31:06 Bodkin Arrow
31:49 Iron Casting
32:48 Wheelbarrow
33:48 Two-Man Saw
NoobLord
5:57 Loom
9:16 Feudal Age
9:51 Double-Bit Axe
11:02 Horse Collar
16:05 Fletching
21:27 Castle Age
20:34 Padded Archer Armor
22:12 Bodkin Arrow
22:29 Bow Saw
22:49 Gold Mining
23:46 Leather Archer Armor
24:35 Husbandry
27:50 Thumb Ring
28:40 Wheelbarrow
29:16 Bloodlines
31:00 Ballistics
30:59 Scale Barding Armor
31:39 Stone Mining
37:29 Imperial Age
36:01 Forging
37:07 Chain Barding Armor
39:14 Chemistry
39:33 Hand Cart
Connection lost

Rejoining the realm…

Still unreachable

The connection could not be restored.

Session expired

The server has moved on; the page needs a fresh start.